 Dungeon Crawl Stone Soup version 0.25-a0-578-gc91f01c39c (webtiles) character file.

Game seed: 16732033346169960622, levelgen mode: deterministic

61002 Maize the Severer (level 14, -9/202 HPs)
             Began as a Minotaur Berserker on Mar 7, 2020.
             Was a High Priest of Trog.
             Mangled by an orc warrior
             ... wielding a +0 war axe
              (13 damage)
             ... on level 14 of the Dungeon.
             The game lasted 00:32:22 (18413 turns).

Maize the Severer (Minotaur Berserker)             Turns: 18413, Time: 00:32:23

Health: -9/202     AC: 12    Str: 26    XL:     14   Next: 59%
Magic:  13/13      EV:  3    Int:  4    God:    Trog [*****.]
Gold:   1594       SH:  0    Dex: 15    Spells: 13/13 levels left

rFire    + . .     SeeInvis .   Q - +3 battleaxe "Tiefedu" {flame, rElec rPois rC- Dex+4}
rCold    x . .     Gourm    .   (shield currently unavailable)
rNeg     . . .     Faith    .   P - +0 plate armour
rPois    +         Spirit   .   (helmet restricted)
rElec    +         Reflect  .   H - scarf {cloud immunity}
rCorr    +         Harm     .   g - +0 pair of gloves
MR       +....                  V - +0 pair of boots
Stlth    ..........             B - amulet of regeneration
HPRegen  0.83/turn              J - ring of resist corrosion
MPRegen  0.13/turn              S - ring of protection from fire

@: berserking, grasped by roots, constricted, extremely drained, very quick
A: retaliatory headbutt, horns 2
a: Berserk, Trog's Hand, Brothers in Arms, Renounce Religion


You were on level 14 of the Dungeon.
You worshipped Trog.
Trog was extremely pleased with you.
You were near starving.

You visited 2 branches of the dungeon, and saw 20 of its levels.
You also visited: Ice Cave.

You collected 2153 gold pieces.
You spent 559 gold pieces at shops.

Inventory:

Hand Weapons
 I - a +4 antimagic executioner's axe
 Q - the +3 battleaxe "Tiefedu" (weapon) {flame, rElec rPois rC- Dex+4}
   (Trog gifted it to you on level 2 of the Lair of Beasts)

   It has been specially enchanted to burn those struck by it, causing extra
   injury to most foes and up to half again as much damage against particularly
   susceptible opponents.
   Big, fiery blades are also staple armaments of hydra-hunters.
   It affects your dexterity (+4).
   It makes you vulnerable to cold.
   It insulates you from electricity.
   It protects you from poison.
 U - a +3 vorpal battleaxe
Armour
 g - a +0 pair of gloves (worn)
 E - a +0 tower shield
 H - a scarf of cloud immunity (worn)
 P - a +0 plate armour (worn)
 T - +0 ice dragon scales
 V - a +0 pair of boots (worn)
Jewellery
 B - an amulet of regeneration (around neck)
 D - an uncursed ring of see invisible
 J - a ring of resist corrosion (left hand)
 O - a +3 ring of strength
 R - the ring "Giqan" {rElec rF- AC+5 Int+3}
   (You found it in an ice cave)

   [ring of protection]

   It affects your AC (+5).
   It affects your intelligence (+3).
   It makes you vulnerable to fire.
   It insulates you from electricity.
 S - a ring of protection from fire (right hand)
Wands
 b - a wand of digging (18)
 i - a wand of acid (12)
 w - a wand of polymorph (9)
 y - a wand of flame (13)
 L - a wand of iceblast (22)
Scrolls
 e - a scroll of torment {unknown}
 h - 6 scrolls of magic mapping
 j - 5 scrolls of enchant weapon {unknown}
 l - 2 scrolls of silence {unknown}
 m - 7 scrolls of teleportation
 n - 2 scrolls of fog
 t - 3 scrolls of blinking {unknown}
 u - 7 scrolls of enchant armour
 v - 7 scrolls of remove curse
 F - 2 scrolls of vulnerability {unknown}
 G - 3 scrolls of fear
 K - a scroll of acquirement {unknown}
 M - 11 scrolls of identify
Potions
 a - 6 potions of brilliance
 d - 2 potions of cancellation {unknown}
 f - a potion of ambrosia {unknown}
 k - 3 potions of haste {unknown}
 o - 4 potions of heal wounds
 p - 4 potions of lignification
 q - a potion of invisibility
 r - 4 potions of magic
 s - 5 potions of mutation {unknown}
 x - 3 potions of stabbing
 z - 8 potions of curing
 A - 3 potions of might
 C - 3 potions of flight {unknown}
 N - 2 potions of resistance {unknown}
Comestibles
 c - 37 rations
 W - 11 chunks of flesh


   Skills:
 + Level 15.3(0.0) Fighting
 * Level 20.2(0.0) Axes
 + Level 15.1(0.0) Armour
 - Level 2.4(0.0) Dodging


You had 13 spell levels left.
You didn't know any spells.
Your spell library was empty.

Dungeon Overview and Level Annotations

Branches:
Dungeon (14/15)            Temple (0/1) D:4            Lair (6/6) D:9
 Shoals (0/4) Lair:2       Spider (0/4) Lair:3        Slime (0/5) Lair:6
    Orc (0/2) D:11         Vaults (0/5) D:13          IceCv (visited)

Altars:
Dithmenos
Fedhas
Gozag
Nemelex Xobeh
Ru
Wu Jian
Xom
Yredelemnul

Shops:
D:6 (   D:7 (   D:10 %   D:13 !

Annotations:
D:14 Jorgrun


Innate Abilities, Weirdness & Mutations

You reflexively headbutt those who attack you in melee.
You have a pair of horns on your head.


Message History

* * * LOW HITPOINT WARNING * * *
Jorgrun hits you with a +0 vorpal quarterstaff.
* * * LOW HITPOINT WARNING * * *
x3 The grasping roots constrict you!
The hound bites you but does no damage.
You slash Jorgrun! You burn Jorgrun.
Jorgrun is lightly wounded.
You slice the orc warrior!! You burn the orc warrior. You slash the hound!
You burn the hound.
You kill the hound!
Trog accepts your kill.
The orc warrior hits you with a +0 war axe.
* * * LOW HITPOINT WARNING * * *
Jorgrun hits you with a +0 vorpal quarterstaff!
* * * LOW HITPOINT WARNING * * *
x3 The grasping roots constrict you.
Your plate armour prevents you from hitting Jorgrun.
Jorgrun is lightly wounded.
You closely miss the orc warrior.
The orc warrior hits you with a +0 war axe!
You die...

...... .....
.... ... . ..#
..# ##..#...#
#######<)......
.......@g.....#
.......)o......
...............
...............
.......###.....
....... .....
....... .....
....... ....


You could see Jorgrun and an orc warrior.

Vanquished Creatures
  7 hydras
  2 ice dragons (IceCv)
  2 vault guards (D:13)
  3 two-headed ogres
  2 wizards (D:13)
  Pikel (D:6)
  An ugly thing (D:12)
  An orb spider (Lair:3)
  2 oklob plants (Lair:6)
  3 cyclopes
  6 elephants (Lair:6)
  A centaur zombie (D:13)
  A manticore (D:11)
  2 ice statues (IceCv)
  4 black mambas
  A torpor snail (Lair:5)
  Maggie (D:6)
  A gargoyle (D:13)
  13 spiny frogs
  4 komodo dragons
  3 rime drakes
  A yaktaur (D:13)
  4 polar bears
  5 hornets (Lair:6)
  12 blink frogs
  3 slime creatures (D:12)
  10 hippogriffs
  13 dream sheep (Lair:6)
  A shadow (D:12)
  13 spriggans (Lair:6)
  A wraith (D:13)
  2 wyverns
  20 humans (D:13)
  40 yaks
  A hungry ghost (D:7)
  A steam dragon (D:9)
  Menkaure (D:4)
  An acid dragon (D:12)
  13 water moccasins
  6 porcupines
  2 sky beasts
  8 black bears
  An eye of draining (D:13)
  15 ice beasts
  6 orc warriors
  3 slaves (D:6)
  A necrophage (D:12)
  2 phantoms
  27 wolves
  4 boggarts (Lair:6)
  10 ogres
  6 centaurs
  12 crocodiles
  22 bullfrogs
  A big kobold (D:12)
  Blork the orc (D:4)
  5 scorpions
  24 killer bees
  5 wights (D:12)
  2 electric eels (D:4)
  2 howler monkeys (D:10)
  3 crimson imps
  A quasit (D:5)
  2 bullfrog zombies
  9 hounds
  11 orc priests
  A centaur skeleton (D:4)
  7 jellies
  2 bullfrog skeletons
  An iguana (D:7)
  18 orc wizards
  2 hell rats (D:7)
  9 worker ants
  2 hound zombies
  A mummy (D:5)
  2 worker ant zombies
  Robin (D:4)
  15 adders
  8 gnolls
  A howler monkey skeleton (D:7)
  7 river rats (D:7)
  A shadow imp (D:11)
  4 oozes
  2 adder zombies
  2 adder skeletons
  A worm (D:6)
  2 dart slugs
  2 leopard geckos
  63 orcs
  A ball python (D:6)
  4 giant cockroaches
  14 goblins
  10 hobgoblins
  4 jackals (D:1)
  10 quokkas
  4 bats
  4 frilled lizards
  14 kobolds
  A kobold zombie (D:5)
  A leopard gecko skeleton (D:4)
  A leopard gecko zombie (D:7)
  An orc zombie (D:5)
  2 quokka skeletons
  24 rats
643 creatures vanquished.

Vanquished Creatures (collateral kills)
  Sonja (D:13)
1 creature vanquished.

Vanquished Creatures (others)
  2 orc wizards
  4 bushes (Lair:6)
  15 fungi
  18 plants
39 creatures vanquished.

Grand Total: 683 creatures vanquished

Notes
Turn   | Place    | Note
-------+----------+-------------------------------------------
     0 | D:1      | Maize the Minotaur Berserker began the quest for the Orb.
     0 | D:1      | Reached XP level 1. HP: 19/19 MP: 0/0
   257 | D:1      | Reached XP level 2. HP: 11/27 MP: 1/1
   473 | D:1      | Reached skill level 4 in Axes
   676 | D:1      | Reached ** piety under Trog
  1121 | D:2      | Reached XP level 3. HP: 33/33 MP: 2/2
  1390 | D:2      | Found an ornate altar of the Wu Jian Council.
  1391 | D:2      | Found a shadowy altar of Dithmenos.
  1623 | D:3      | Found an opulent altar of Gozag.
  1780 | D:3      | Reached XP level 4. HP: 37/40 MP: 3/3
  1868 | D:3      | Found a sacrificial altar of Ru.
  1887 | D:3      | Reached skill level 5 in Axes
  2184 | D:4      | Noticed Menkaure
  2192 | D:4      | Killed Menkaure
  2192 | D:4      | Reached skill level 5 in Fighting
  2192 | D:4      | Reached skill level 6 in Axes
  2192 | D:4      | Reached XP level 5. HP: 7/48 MP: 4/4
  2423 | D:4      | Reached XP level 6. HP: 39/56 MP: 5/5
  2615 | D:4      | Found a staircase to the Ecumenical Temple.
  2733 | D:4      | Reached skill level 7 in Axes
  2733 | D:4      | Reached skill level 5 in Armour
  2740 | D:4      | Reached XP level 7. HP: 30/62 MP: 6/6
  2925 | D:4      | Noticed Blork the orc
  2930 | D:4      | Killed Blork the orc
  2930 | D:4      | Reached *** piety under Trog
  2958 | D:4      | Found a transporter.
  2971 | D:4      | Found a transporter.
  3053 | D:4      | Noticed Robin
  3058 | D:4      | Killed Robin
  3188 | D:4      | Reached skill level 8 in Axes
  3652 | D:5      | Entered Level 5 of the Dungeon
  3663 | D:5      | Got a faintly glowing robe
  3861 | D:5      | Reached XP level 8. HP: 17/71 MP: 7/7
  4399 | D:5      | Reached skill level 9 in Axes
  4618 | D:5      | Reached **** piety under Trog
  5426 | D:6      | Reached skill level 10 in Axes
  5495 | D:6      | Noticed Pikel
  5526 | D:6      | Killed Pikel
  5526 | D:6      | Reached XP level 9. HP: 53/81 MP: 8/8
  5582 | D:6      | Reached skill level 11 in Axes
  5595 | D:6      | Found a basalt altar of Yredelemnul.
  5664 | D:6      | Found Wiuschoot's Antique Weapon Emporium.
  5684 | D:6      | Noticed Maggie
  5698 | D:6      | Killed Maggie
  6302 | D:7      | Found Nolottuc's Weapon Shop.
  6370 | D:7      | Reached skill level 12 in Axes
  6622 | D:7      | Reached XP level 10. HP: 87/91 MP: 9/9
  6766 | D:7      | Reached ***** piety under Trog
  6766 | D:7      | Received a gift from Trog
  8021 | D:9      | Found a shimmering altar of Xom.
  8022 | D:9      | Found a shimmering altar of Xom.
  8035 | D:9      | Found a shimmering altar of Xom.
  8035 | D:9      | Found a shimmering altar of Xom.
  8035 | D:9      | Found a shimmering altar of Xom.
  8035 | D:9      | Found a shimmering altar of Xom.
  8035 | D:9      | Found a shimmering altar of Xom.
  8153 | D:9      | HP: 1/138 [orc warrior/+0 halberd (18)]
  8159 | D:9      | HP: 1/93 [poisoned by a scorpion]
  8396 | D:9      | Found a staircase to the Lair.
  8432 | D:9      | Reached skill level 13 in Axes
  8499 | D:9      | Found a sparkling altar of Nemelex Xobeh.
  8511 | D:9      | Found a blossoming altar of Fedhas.
  8554 | D:9      | Reached skill level 10 in Fighting
  8605 | D:9      | Received a gift from Trog
  8899 | D:9      | You fall into a shaft and drop 3 floors!
  8909 | D:12     | Noticed a two-headed ogre
  8915 | D:12     | Killed a two-headed ogre
  8915 | D:12     | Reached skill level 10 in Armour
  9040 | D:12     | Reached skill level 14 in Axes
  9297 | D:12     | Reached XP level 11. HP: 101/101 MP: 10/10
  9319 | D:12     | Noticed a cyan ugly thing
  9325 | D:12     | Killed a cyan ugly thing
  9582 | D:11     | Received a gift from Trog
  9596 | D:11     | Got a fine dagger {god gift}
  9597 | D:11     | Identified the +8 dagger "Beastbane" {flame, rElec Str+2}
                  | (Trog gifted it to you on level 11 of the Dungeon)
  9598 | D:11     | Found a staircase to the Orcish Mines.
 10439 | D:10     | Entered Level 10 of the Dungeon
 10450 | D:10     | Reached skill level 15 in Axes
 10748 | D:10     | Found Boyles's Food Shop.
 10808 | D:10     | Noticed a two-headed ogre
 10811 | D:10     | Killed a two-headed ogre
 10928 | Lair:1   | Entered Level 1 of the Lair of Beasts
 11186 | Lair:2   | Received a gift from Trog
 11189 | Lair:2   | Got a brightly glowing battleaxe {god gift}
 11190 | Lair:2   | Identified the +3 battleaxe "Tiefedu" {flame, rElec rPois
                  | rC- Dex+4} (Trog gifted it to you on level 2 of the Lair of
                  | Beasts)
 11232 | Lair:2   | Found a staircase to the Shoals.
 11338 | Lair:2   | Reached XP level 12. HP: 111/112 MP: 11/11
 11404 | Lair:2   | Noticed a seven-headed hydra
 11411 | Lair:2   | Killed a four-headed hydra
 11411 | Lair:2   | Reached skill level 16 in Axes
 11992 | Lair:3   | Found a frozen archway.
 12012 | IceCv    | Entered an ice cave
 12320 | IceCv    | Noticed an ice dragon
 12320 | IceCv    | Noticed an ice dragon
 12332 | IceCv    | Killed an ice dragon
 12343 | IceCv    | Killed an ice dragon
 12343 | IceCv    | Reached skill level 17 in Axes
 12348 | IceCv    | Got a brightly glowing glass ring
 12729 | Lair:3   | Found a hole to the Spider Nest.
 13474 | Lair:4   | Noticed a seven-headed hydra
 13481 | Lair:4   | Killed a five-headed hydra
 13971 | Lair:4   | Noticed a six-headed hydra
 13979 | Lair:4   | Killed a three-headed hydra
 13979 | Lair:4   | Reached XP level 13. HP: 102/122 MP: 12/12
 14402 | Lair:5   | Received a gift from Trog
 14537 | Lair:5   | Reached skill level 18 in Axes
 14949 | Lair:6   | Entered Level 6 of the Lair of Beasts
 15086 | Lair:6   | Found a staircase to the Slime Pits.
 15184 | Lair:6   | Received a gift from Trog
 15224 | Lair:6   | Reached skill level 19 in Axes
 15242 | Lair:6   | Identified the ring "Giqan" {rElec rF- AC+5 Int+3} (You
                  | found it in an ice cave)
 15755 | Lair:6   | Reached XP level 14. HP: 133/133 MP: 13/13
 15868 | Lair:6   | Received a gift from Trog
 17436 | D:13     | Reached skill level 15 in Fighting
 17464 | D:13     | Received a gift from Trog
 17465 | D:13     | Reached skill level 20 in Axes
 17478 | D:13     | Reached skill level 15 in Armour
 17536 | D:13     | Found a gate to the Vaults.
 17639 | D:13     | Noticed Sonja
 17689 | D:13     | Killed Sonja
 17865 | D:13     | Found Ferif's Distillery.
 17894 | D:13     | Bought a potion of invisibility for 104 gold pieces
 17894 | D:13     | Bought a potion of brilliance for 52 gold pieces
 17894 | D:13     | Bought a potion of magic for 104 gold pieces
 17894 | D:13     | Bought a potion of curing for 39 gold pieces
 17894 | D:13     | Bought a potion of curing for 39 gold pieces
 17894 | D:13     | Bought a potion of might for 52 gold pieces
 17894 | D:13     | Bought a potion of heal wounds for 65 gold pieces
 17894 | D:13     | Bought 2 potions of might for 104 gold pieces
 18400 | D:14     | Noticed Jorgrun
 18412 | D:14     | HP: 10/202 [Jorgrun/+0 vorpal quarterstaff (11)]
 18412 | D:14     | HP: 3/202 [Jorgrun/+0 vorpal quarterstaff (4)]
 18413 | D:14     | Mangled by an orc warrior

Levels and vault maps discovered:
D:1:      nicolae_arrival_washed_ashore, layout_loops_ring,
          chequers_serial_rivers_small_b, chequers_arboretum,
          lemuel_old_faithful
D:2:      layout_rooms, gammafunk_temple_overflow_statue
D:3:      layout_basic, nicolae_ru_path_of_blood, chequers_hall_statues_wall_a,
          grunt_gozag_breadcrumbs
D:4:      gammafunk_steamed_eel, layout_basic, temple_doors_e, first_ration,
          uniq_blork_the_orc, uniq_menkaure, uniq_robin
D:5:      cheibrodos_barr_body, layout_layer_cave, nicolae_ossuary_entry_giza,
          serial_rivers, chequers_serial_rivers_large_a,
          chequers_serial_rivers_micro_a, chequers_serial_rivers_small_3,
          chequers_serial_rivers_room_a
D:6:      layout_basic, yredelemnul_altar_generic, serial_shops, shop,
          uniq_pikel, uniq_maggie
D:7:      lemuel_ratsnest, layout_basic, serial_shops, shop
D:8:      layout_basic
D:9:      layout_loops_corners, lemuel_round_altar, xom_shifter_show,
          grunt_lair_entry_orc_guard_hut, fedhas_ov_isle_minmay
D:10:     layout_big_octagon, grunt_ogre_cave, hangedman_decor_slide_cut,
          kennysheep_diamond
D:11:     layout_cave_pods, hiddenorc2_lemuel
D:12:     layout_loops_ring
D:13:     layout_roguey, grunt_vaults_entry_tiered, serial_shops, shop,
          uniq_sonja
D:14:     layout_basic, tgw_sif, serial_shops, kennysheep_mini_moat,
          uniq_jorgrun, uniq_snorg, uniq_rupert
Lair:1:   layout_cave_shapes, minivault_11, infiniplex_staircase_pool_2
Lair:2:   layout_regular_city, shoals_dummy_entry
Lair:3:   layout_roguey, nicolae_spider_entry_orb_guardian,
          portal_ice_cave_entry_pillars_1
Lair:4:   layout_small_grid, small_statue_intersection
Lair:5:   layout_hall_layers, serial_bayou_pond_c, st_stairs_13
Lair:6:   minmay_lair_end_enchanted_forest, layout_concentric_octagons,
          nicolae_slime_entry_slimehenge, dpeg_oklob_1, grunt_megastairs_5,
          lemuel_fruit_tree

Skill      XL: |  1  2  3  4  5  6  7  8  9 10 11 12 13 14 |
---------------+-------------------------------------------+-----
Axes           | 4 6 7 8 10 12 14 15 17 19 20 | 20.2
Armour         | 3 4 5 6 7 9 10 11 13 14 15 | 15.1
Fighting       | 4 5 6 8 9 10 12 13 14 15 | 15.3
Dodging        | |  2.4

Action                   |  1- 3 |  4- 6 |  7- 9 | 10-12 | 13-15 || total
-------------------------+-------+-------+-------+-------+-------++-------
Melee: Hand axe          |    87 |    48 |    96 |       |       ||   231
       Headbutt          |    15 |    12 |    60 |   108 |   138 ||   333
       War axe           |       |       |   145 |       |       ||   145
       Broad axe         |       |       |    99 |   150 |       ||   249
       Battleaxe         |       |       |       |   426 |   519 ||   945
Invok: Berserk           |       |     1 |     4 |     8 |     7 ||    20
       Brothers in Arms  |       |       |       |     1 |     1 ||     2
  Use: Scroll            |       |       |       |    14 |       ||    14
  Eat: Chunk             |     3 |     3 |    12 |    32 |    20 ||    70
       Ration            |       |       |     2 |       |       ||     2
Armor: Animal skin       |     2 |       |       |       |       ||     2
       Leather armour    |    21 |    16 |    37 |       |       ||    74
       Chain mail        |       |       |   131 |    50 |       ||   181
       Plate armour      |       |       |       |   302 |   379 ||   681
Dodge: Dodged            |    54 |    22 |   163 |   271 |   203 ||   713

Table legend:
 A = Non-vault XP
 B = Vault XP
 C = Vault XP percentage of total XP
 D = Non-vault monster count
 E = Vault monster count
 F = Vault count percentage of total count
                 A         B        C        D         E       F
            +---------+---------+-------+---------+---------+-------
      Total |   58299 |   28847 |  33.1 |     432 |     211 |  32.8
            +---------+---------+-------+---------+---------+-------
        D:1 |      40 |       0 |   0.0 |      23 |       0 |   0.0
        D:2 |      41 |       0 |   0.0 |      13 |       0 |   0.0
        D:3 |      61 |       0 |   0.0 |      14 |       0 |   0.0
        D:4 |     748 |     407 |  35.2 |      18 |      17 |  48.6
        D:5 |     660 |     375 |  36.2 |      26 |      12 |  31.6
        D:6 |    1057 |    1053 |  49.9 |      23 |       2 |   8.0
        D:7 |    1271 |     201 |  13.7 |      22 |      35 |  61.4
        D:8 |     479 |       0 |   0.0 |      15 |       0 |   0.0
        D:9 |    1886 |     508 |  21.2 |      36 |       5 |  12.2
       D:10 |    1217 |    1110 |  47.7 |       9 |       4 |  30.8
       D:11 |    2892 |     415 |  12.5 |      25 |      32 |  56.1
       D:12 |    4299 |       0 |   0.0 |      34 |       0 |   0.0
       D:13 |    4789 |    8281 |  63.4 |      25 |      26 |  51.0
       D:14 |     129 |       0 |   0.0 |       4 |       0 |   0.0
     Lair:1 |    2587 |       0 |   0.0 |      12 |       0 |   0.0
     Lair:2 |    4278 |       0 |   0.0 |      18 |       0 |   0.0
     Lair:3 |    3671 |     566 |  13.4 |      15 |       1 |   6.2
     Lair:4 |    4569 |       0 |   0.0 |      14 |       0 |   0.0
     Lair:5 |    5706 |     940 |  14.1 |      26 |       1 |   3.7
     Lair:6 |   17919 |    9817 |  35.4 |      60 |      56 |  48.3
      IceCv |       0 |    5174 | 100.0 |       0 |      20 | 100.0
            +---------+---------+-------+---------+---------+-------
